 Dungeon Crawl Stone Soup version 0.28.0-53-g5a82cb258f (webtiles) character file.

Game seed: 12509314069356540697

70 Plasmagod the Skirmisher (level 4, -3/40 HPs)
             Began as a Hill Orc Fighter on July 20, 2022.
             Was a Follower of Cheibriados.
             Slain by a phantom (6 damage)
             ... on level 2 of the Dungeon.
             The game lasted 00:02:11 (1506 turns).

Plasmagod the Skirmisher (Hill Orc Fighter)         Turns: 1506, Time: 00:02:12

Health: -3/40      AC:  9    Str: 23    XL:     4   Next: 21%
Magic:  4/4        EV:  9    Int: 11    God:    Cheibriados [*.....]
Gold:   63         SH:  5    Dex: 13    Spells: 3/3 levels left

rFire   . . .      SeeInvis .   a - +0 war axe
rCold   . . .      Faith    .   c - +0 buckler
rNeg    . . .      Spirit   .   b - +0 scale mail
rPois   .          Reflect  .   (no helmet)
rElec   .          Harm     .   f - +0 cloak
rCorr   .          Rampage  .   h - +0 pair of gloves
Will    .....                   (no boots)
Stlth   ..........              (no amulet)
HPRegen 0.13/turn               (no ring)
MPRegen 0.09/turn               (no ring)

@: very slow
A: no striking features
a: Renounce Religion, Bend Time


You were on level 2 of the Dungeon.
You worshipped Cheibriados.
Cheibriados was aware of your devotion.
You visited 1 branch of the dungeon, and saw 2 of its levels.

You collected 63 gold pieces.

Inventory:

Hand Weapons
 a - a +0 war axe (weapon)
Armour
 b - a +0 scale mail (worn)
 c - a +0 buckler (worn)
 f - a +0 cloak (worn)
 h - a +0 pair of gloves (worn)
Jewellery
 e - a ring of wizardry
 j - a ring of see invisible
Scrolls
 g - a scroll of noise {unknown}
 i - a scroll of vulnerability {unknown}
 k - a scroll of magic mapping {unknown}
Potions
 d - a potion of might


   Skills:
 + Level 4.1 Fighting
 + Level 3.5 Axes
 + Level 4.0 Armour
 + Level 0.8 Dodging
 + Level 3.9 Shields


You had 3 spell levels left.
You didn't know any spells.
Your spell library contained the following spells:

 Spells                   Type           Power      Damage    Failure   Level
 Petrify                  Tmut/Erth      0%         N/A       100%        4
 Iskenderun's Battlesphe  Conj           0%         2d6       100%        5
 Metabolic Englaciation   Hex/Ice        0%         N/A       100%        5
 Iron Shot                Conj/Erth      0%         9d1       100%        6
 Statue Form              Tmut/Erth      0%         N/A       100%        6
 Spellforged Servitor     Conj/Summ      0%         N/A       100%        7


Dungeon Overview and Level Annotations

Branches:
Dungeon (2/15)

Altars:
Cheibriados


Message History

You are too injured to fight recklessly!
You are too injured to fight recklessly!
You barely miss the phantom.
The phantom is heavily damaged.
You block the phantom's attack.
You slash the phantom!
The phantom is almost destroyed.
The phantom barely misses you.
You closely miss the phantom.
The phantom is almost destroyed.
The phantom barely misses you. x2
You closely miss the phantom.
The phantom is almost destroyed.
The phantom hits you.
The phantom blinks!
You blink.
You barely miss the phantom.
The phantom is almost destroyed.
The phantom hits you.
You completely miss the phantom.
The phantom is almost destroyed.
You block the phantom's attack.
The phantom hits you but does no damage.
You closely miss the phantom.
The phantom is almost destroyed.
The phantom completely misses you.
You miss the phantom.
The phantom is almost destroyed.
The phantom hits you.
* * * LOW HITPOINT WARNING * * *
The phantom blinks!
You blink.
You miss the phantom.
The phantom is almost destroyed.
You block the phantom's attack. The phantom hits you!
* * * LOW HITPOINT WARNING * * *
You miss the phantom.
The phantom is almost destroyed.
The phantom barely misses you.
You closely miss the phantom.
The phantom is severely damaged.
The phantom hits you.
You die...

#.########....... #.#
#....... ########'###
#.###.<# #........).####
#.# #.## #..............
#.# #.#
#...............#.###.#
#...............#.....##
#...............####....
#......@........+..'....
#......W........####.)..
#.............. #....
########+##.... ......
.### ........ ........
######## #.... #....


You could see a phantom.

Vanquished Creatures
  3 adders (D:2)
  A worm (D:2)
  6 endoplasms
  A giant cockroach (D:2)
  6 goblins
  A hobgoblin (D:2)
  2 quokkas (D:1)
  5 ball pythons
  4 bats
  A frilled lizard (D:2)
  6 kobolds
  4 rats
40 creatures vanquished.

Vanquished Creatures (others)
  4 toadstools (D:1)
4 creatures vanquished.

Grand Total: 44 creatures vanquished

Notes
Turn   | Place    | Note
-------+----------+-------------------------------------------
     0 | D:1      | Plasmagod the Hill Orc Fighter began the quest for the Orb.
     0 | D:1      | Reached XP level 1. HP: 19/19 MP: 1/1
    90 | D:1      | Reached XP level 2. HP: 27/27 MP: 2/2
   548 | D:1      | Found a faded altar of an unknown god.
   559 | D:1      | Reached XP level 3. HP: 32/33 MP: 3/3
   585 | D:1      | Prayed at the altar of an unknown god.
   585 | D:1      | Became a worshipper of Cheibriados the Contemplative
   585 | D:1      | Reached * piety under Cheibriados
  1330 | D:2      | Reached XP level 4. HP: 35/40 MP: 4/4
  1486 | D:2      | Noticed a phantom
  1506 | D:2      | Slain by a phantom

Illustrated notes

Levels and vault maps discovered:
D:1:      ldierk_water_garden, layout_basic, basic_ecumenical_altar,
          minmay_misc_feat_pillars, minmay_split_cup_small
D:2:      layout_basic, columned_hall_lemuel

Skill      XL: |  1  2  3 |
---------------+----------+-----
Axes           | 3 |  3.5
Fighting       | 4 |  4.1
Armour         | 4 |  4.0
Dodging        | |  0.8
Shields        | |  3.9

Action                   |  1- 3 |  4- 6 || total
-------------------------+-------+-------++-------
Melee: War axe           |   111 |    26 ||   137
Armor: Scale mail        |    73 |    14 ||    87
Dodge: Dodged            |    60 |    11 ||    71
Block: Buckler           |    28 |    11 ||    39
